 Seeded DCSS version 0.29-a0-1027-gcd8c55af63 (webtiles) character file.

Game seed: 14428118820870677870 (custom seed)

10481 hikkokomori the Geomancer (level 12, -3/86 (103) HPs)
             Began as a Meteoran Earth Elementalist on Aug 13, 2022.
             Was an Elder of Zin.
             Slain by an unseen horror simulacrum (19 damage)
             ... on level 10 of the Dungeon.
             The game lasted 00:57:58 (7084 turns).

hikkokomori the Geomancer (MeEE)                    Turns: 7084, Time: 00:57:58

HP:   -3/86 (103)   AC: 11    Str: 13    XL:     12   Next: 20%
MP:   4/27          EV: 17    Int: 21    God:    Zin [****..]
Gold: 594           SH:  5    Dex: 16    Spells: 10/31 levels left

rFire   . . .      SeeInvis .   l - +5 dagger (freeze)
rCold   . . .      Faith    .   (no shield)
rNeg    + + +      Spirit   .   K - +1 steam dragon scales
rPois   +          Reflect  +   (no helmet)
rElec   .          Harm     .   i - +0 cloak
rCorr   .          Rampage  .   v - +0 pair of gloves of Liluohyb {rN+++}
Will    +....                   j - +2 pair of boots
Stlth   +.........              o - amulet of Dissent {Reflect Str+3 SH+5 Stlth+}
HPRegen 0.24/turn               G - ring of poison resistance
MPRegen 0.20/turn               (no ring)

@: glowing, heavily drained
A: sense surroundings 2, otherworldly, glowing, explore regen
a: Renounce Religion, Recite, Vitalisation, Imprison, Donate Gold


You were on level 10 of the Dungeon.
You worshipped Zin.
Zin was greatly pleased with you.
You visited 2 branches of the dungeon, and saw 11 of its levels.
You also visited: Sewer and Bailey.

You collected 1562 gold pieces.
You spent 902 gold pieces at shops.
You donated 66 gold pieces to Zin.

Inventory:

Hand Weapons
 l - a +5 dagger of freezing (weapon)
 s - a +4 falchion
 w - a +2 whip of flaming
Missiles
 c - 22 poisoned darts
 k - 80 stones
 q - 6 curare-tipped darts
Armour
 e - a +1 pair of gloves
 i - a +0 cloak (worn)
 j - a +2 pair of boots (worn)
 t - a +0 troll leather armour
 v - the +0 pair of gloves of Liluohyb (worn) {rN+++}
   (You found it on level 10 of the Dungeon)

   rN:        It renders you almost immune to negative energy.
 K - +1 steam dragon scales (worn)
 L - a +0 kite shield
Jewellery
 o - the amulet of Dissent (around neck) {Reflect Str+3 SH+5 Stlth+}
   (You acquired it on level 2 of the Dungeon)

   [amulet of reflection]

   It reflects blocked missile attacks.
   Str:       It affects your strength (+3).
   SH:        It affects your SH (+5).
   Stlth:     It makes you more stealthy.
 G - a ring of poison resistance (left hand)
Wands
 C - a wand of flame (27)
 F - a wand of iceblast (6)
Scrolls
 a - a scroll of identify
 h - 2 scrolls of immolation
 m - 3 scrolls of teleportation
 y - 4 scrolls of enchant weapon
 D - a scroll of torment
 E - a scroll of enchant armour
 H - 3 scrolls of vulnerability {unknown}
 I - a scroll of amnesia
 J - a scroll of noise {unknown}
Potions
 b - a potion of magic
 d - a potion of heal wounds
 f - 4 potions of might
 g - 4 potions of curing
 n - 2 potions of flight {unknown}
 p - 2 potions of lignification
 r - 2 potions of attraction
 u - a potion of invisibility
 x - 3 potions of mutation
 z - 3 potions of brilliance
 A - a potion of degeneration {unknown}
 B - a potion of cancellation


   Skills:
 + Level 8.8 Fighting
 + Level 9.9 Dodging
 - Level 1.4 Stealth
 + Level 10.1 Spellcasting
 - Level 2.2 Conjurations
 - Level 1.3 Transmutations
 + Level 5.7 Ice Magic
 + Level 10.5 Earth Magic
 + Level 6.2 Evocations


You had 10 spell levels left.
You knew the following spells:

 Your Spells              Type           Power      Damage    Failure   Level
a - Sandblast             Erth           100%       2d20      1%          1
b - Stone Arrow           Conj/Erth      74%        3d11      1%          3
c - Passwall              Tmut/Erth      29%        N/A       1%          2
d - Ozocubu's Armour      Ice            34%        N/A       1%          3
e - Ozocubu's Refrigerat  Ice            17%        4d11      99%         7
f - Lee's Rapid Deconstr  Erth           26%        3d15*     2%          5

Your spell library contained the following spells:

 Spells                   Type           Power      Damage    Failure   Level
 Beastly Appendage        Tmut           32%        N/A       3%          1
 Wereblood                Tmut           16%        N/A       5%          2
 Petrify                  Tmut/Erth      35%        N/A       5%          4
 Necrotise                Necr           40%        1d6       6%          1
 Leda's Liquefaction      Hex/Erth       16%        N/A       8%          4
 Spider Form              Tmut/Pois      13%        N/A       14%         3
 Vampiric Draining        Necr           10%        2d6       19%         3
 Statue Form              Tmut/Erth      23%        N/A       65%         6
 Agony                    Necr           10%        N/A       87%         5


Dungeon Overview and Level Annotations

Branches:
Dungeon (10/15) Zot: 149   Temple (1/1) D:7 Zot: 410   Sewer (visited)
 Bailey (visited)
   Lair: D:8-11         Orc: D:9-12

Altars:
Ashenzari
Cheibriados
Dithmenos
Elyvilon
Fedhas
Gozag
Hepliaklqana
Makhleb
Nemelex Xobeh
Okawaru
Qazlal
Ru
Sif Muna
Trog
Uskayaw
Vehumet
Wu Jian
Xom
Yredelemnul
Zin
The Shining One

Shops:
D:7 *


Innate Abilities, Weirdness & Mutations

You passively map the area around you.
You are easily found by Zot.
You glow in the dark.
You regain HP and MP as you explore.


Message History

The white imp is moderately wounded.
You feel sick.
The white imp stops glowing.
The white imp gestures at you.
The puff of frost hits you but does no damage.
You barely miss the white imp.
The white imp is moderately wounded.
You feel sick. The white imp gestures at you. The puff of frost hits you!
* * * LOW HITPOINT WARNING * * *
You hit the white imp.
The white imp is severely wounded.
You feel sick.
You are no longer poisoned.
The white imp hits you.
* * * LOW HITPOINT WARNING * * *
The white imp freezes you.
* * * LOW HITPOINT WARNING * * *
Casting: Stone Arrow (safe; 1% risk of failure)
Confirm with . or Enter, or press ? or * to list all spells.
Aiming: Sandblast (safe; 1% risk of failure)
Press: ? - help, Shift-Dir - straight line, f - white imp
Aim: a white imp (severely wounded, 85% to hit)
The blast of sand hits the white imp!!
You kill the white imp!
Unknown command.
An unseen horror simulacrum comes into view.
The unseen horror simulacrum moves out of view.
You are ready to recite again.
Casting: Sandblast (safe; 1% risk of failure)
Confirm with . or Enter, or press ? or * to list all spells.
Aiming: Sandblast (safe; 1% risk of failure)
Press: ? - help, Shift-Dir - straight line, f - unseen horror simulacrum
Aim: an unseen horror simulacrum (95% to hit)
The blast of sand hits the unseen horror simulacrum.
The unseen horror simulacrum is moderately damaged.
The unseen horror simulacrum hits you.
* * * LOW HITPOINT WARNING * * *
The unseen horror simulacrum freezes you!!
You die...

....................##...........
....................##...........
....................##...........
######..#####.......##...........
#..# #..............# #. #†.#
#..###'''###...# #.
######..#####.##.......##..# #.
..............#.........##.#####.
.............##.@Z.......#.......
.............#...####....##......
†#'########.##..## ###...#.'#...
.#..........#..## , #..#..#...
,#..........#..# , #..#..#...
#..........#..## , ..#..##.#...
#..........##..###....Z.. #.#...
#...........#........... #.#...
#...........##...####..# *..#...


You could see an unseen horror simulacrum.

Vanquished Creatures
  A boulder beetle (D:9)
  The ghost of drugrobin the Fighter, a novice DgFi (D:10)
  3 two-headed ogres (D:10)
  A sun demon (D:10)
  A cyclops (D:9)
  2 orange demons (D:10)
  A rust devil (D:10)
  A kobold demonologist (Bailey)
  An ice devil (D:10)
  A troll (D:10)
  A shadow (D:10)
  A yak (D:10)
  A wyvern (D:9)
  4 vampire mosquitoes (D:10)
  2 steam dragons (D:6)
  An acid dragon (D:10)
  A water moccasin (D:8)
  8 orc warriors
  4 ice beasts
  3 sky beasts
  A black bear (D:4)
  A centaur (D:4)
  2 phantoms
  2 kobold brigands
  5 bullfrogs
  A necrophage (D:5)
  A scorpion (D:5)
  7 wights (D:8)
  2 electric eels (Bailey)
  4 hounds
  2 jellies
  5 orc priests
  A gnoll bouda (D:4)
  4 iguanas
  3 orc wizards
  4 gnolls
  6 adders
  A howler monkey simulacrum (D:10)
  5 white imps
  A dart slug (D:4)
  22 orcs
  6 ball pythons
  A bat (D:3)
  4 endoplasms
  9 giant cockroaches
  13 goblins
  8 hobgoblins
  4 jackals
  6 quokkas
  5 frilled lizards
  21 kobolds
  5 rats
201 creatures vanquished.

Vanquished Creatures (others)
  A sky beast (D:6)
  A ball python (D:4)
  2 demonic plants (D:10)
  A fungus (Sewer)
  4 plants (Sewer)
9 creatures vanquished.

Grand Total: 210 creatures vanquished

Notes
Turn   | Place    | Note
-------+----------+-------------------------------------------
     0 | D:1      | hikkokomori the Meteoran Earth Elementalist began the quest
                  | for the Orb.
     0 | D:1      | Reached XP level 1. HP: 14/14 MP: 5/5
   156 | D:1      | Reached XP level 2. HP: 20/20 MP: 6/6
   492 | D:1      | Glimpsed the power of Zot.
   541 | D:1      | Glimpsed the power of Zot.
   647 | D:2      | Found Raxosamn's Magic Scroll Emporium.
   651 | D:2      | Bought a scroll of teleportation for 33 gold pieces
   651 | D:2      | Bought a scroll of teleportation for 33 gold pieces
   796 | D:2      | Reached XP level 3. HP: 24/27 MP: 8/8
   889 | D:2      | Identified a scroll of acquirement
   889 | D:2      | Acquired the amulet of Dissent {Reflect Str+3 SH+5 Stlth+}
   935 | D:2      | Reached skill level 1 in Fighting
  1114 | D:3      | Reached XP level 4. HP: 30/35 MP: 6/10
  1145 | D:3      | Found a faded altar of an unknown god.
  1281 | D:3      | Identified the +1 plate armour "Fargh" {Contam Harm +Blink
                  | rElec}
  1307 | D:3      | Found a large runed translucent door.
  1311 | D:3      | Found a large runed translucent door.
  1324 | D:3      | Found a bloodstained altar of Trog.
  1329 | D:3      | Found a stormy altar of Qazlal.
  1385 | D:3      | Reached XP level 5. HP: 41/41 MP: 8/11
  1386 | D:3      | Found a glowing drain.
  1394 | Sewer    | Entered a sewer
  1409 | Sewer    | Learned a level 3 spell: Stone Arrow
  1412 | Sewer    | Learned a level 2 spell: Passwall
  1834 | D:4      | Reached skill level 1 in Conjurations
  1840 | D:4      | Reached XP level 6. HP: 35/50 MP: 6/13
  1848 | D:4      | Noticed a centaur
  1852 | D:4      | Killed a centaur
  1853 | D:4      | Reached skill level 5 in Earth Magic
  1853 | D:4      | Reached XP level 7. HP: 21/57 MP: 6/14
  1976 | D:4      | Reached skill level 5 in Spellcasting
  2088 | D:5      | Entered Level 5 of the Dungeon
  2246 | D:5      | Found a hazy altar of Hepliaklqana.
  2381 | D:5      | Reached XP level 8. HP: 51/66 MP: 16/16
  2447 | D:5      | Reached skill level 5 in Dodging
  2868 | D:6      | Noticed a steam dragon
  2877 | D:6      | Killed a steam dragon
  2956 | D:6      | Noticed a steam dragon
  2967 | D:6      | Killed a steam dragon
  2999 | D:6      | Reached skill level 5 in Fighting
  2999 | D:6      | Gained mutation: You passively map the area around you.
                  | [Meteoran growth]
  2999 | D:6      | Reached XP level 9. HP: 56/74 MP: 0/19
  3353 | D:7      | Found a flagged portal.
  3373 | Bailey   | Entered a bailey
  3583 | Bailey   | Noticed a kobold demonologist
  3586 | Bailey   | Noticed a hellwing
  3618 | Bailey   | Killed a kobold demonologist
  3880 | Bailey   | Glimpsed the power of Zot.
  3930 | Bailey   | Glimpsed the power of Zot.
  3970 | Bailey   | Glimpsed the power of Zot.
  3974 | Bailey   | Noticed an orc knight
  3980 | Bailey   | Touched by the power of Zot.
  4220 | D:7      | Reached XP level 10. HP: 54/61 MP: 12/22
  4231 | D:7      | Learned a level 3 spell: Ozocubu's Armour
  4241 | D:7      | Found Qiad's Gadget Gallery.
  4260 | D:7      | Bought a wand of iceblast (6) for 187 gold pieces
  4264 | D:7      | Found a staircase to the Ecumenical Temple.
  4405 | D:2      | Acquired 961 gold pieces
  4407 | D:2      | Bought a scroll of teleportation for 33 gold pieces
  4407 | D:2      | Bought a scroll of identify for 22 gold pieces
  4407 | D:2      | Bought a scroll of acquirement for 572 gold pieces
  4407 | D:2      | Bought a scroll of identify for 22 gold pieces
  4407 | D:2      | Acquired a book of the Earth
  4514 | Temple   | Entered the Ecumenical Temple
  4610 | Temple   | Learned a level 7 spell: Ozocubu's Refrigeration
  4644 | Temple   | Became a worshipper of Zin the Law-Giver
  4644 | Temple   | Reached * piety under Zin
  4897 | D:7      | Reached ** piety under Zin
  4904 | D:7      | Reached skill level 1 in Ice Magic
  4996 | D:7      | Reached skill level 1 in Evocations
  5406 | D:9      | Noticed a cyclops
  5406 | D:9      | Noticed a boulder beetle
  5416 | D:9      | Killed a cyclops
  5663 | D:9      | Killed a boulder beetle
  5679 | D:9      | Reached *** piety under Zin
  5854 | D:8      | Found a radiant altar of Vehumet.
  5986 | D:8      | Reached XP level 11. HP: 92/92 MP: 24/24
  6337 | D:8      | Glimpsed the power of Zot.
  6387 | D:8      | Glimpsed the power of Zot.
  6426 | D:9      | Glimpsed the power of Zot.
  6428 | D:10     | Entered Level 10 of the Dungeon
  6429 | D:10     | Noticed a rust devil
  6438 | D:10     | Killed a rust devil
  6451 | D:10     | Noticed a sun demon
  6455 | D:10     | Killed a sun demon
  6464 | D:10     | Noticed a two-headed ogre
  6471 | D:10     | HP: 3/94 [two-headed ogre/+0 giant spiked club (15)]
  6472 | D:10     | Killed a two-headed ogre
  6473 | D:10     | Reached skill level 5 in Evocations
  6480 | D:10     | Reached skill level 10 in Earth Magic
  6607 | D:10     | Identified the +0 pair of gloves of Liluohyb {rN+++}
  6702 | D:10     | Reached skill level 5 in Ice Magic
  6726 | D:10     | Noticed a two-headed ogre
  6733 | D:10     | Killed a two-headed ogre
  6761 | D:10     | Reached **** piety under Zin
  6875 | D:9      | Learned a level 5 spell: Lee's Rapid Deconstruction
  6913 | D:10     | Noticed a two-headed ogre
  6919 | D:10     | Killed a two-headed ogre
  6928 | D:10     | Reached XP level 12. HP: 73/103 MP: 3/26
  6935 | D:10     | Glimpsed the power of Zot.
  6950 | D:10     | Found a runed translucent gate.
  6950 | D:10     | Found a runed translucent gate.
  6951 | D:10     | Found a runed translucent gate.
  6985 | D:10     | Glimpsed the power of Zot.
  6988 | D:10     | Reached skill level 10 in Spellcasting
  7025 | D:10     | Glimpsed the power of Zot.
  7035 | D:10     | Touched by the power of Zot.
  7049 | D:10     | Noticed drugrobin's ghost (novice DgFi)
  7061 | D:10     | Killed drugrobin's ghost
  7084 | D:10     | Slain by an unseen horror simulacrum

Illustrated notes

Levels and vault maps discovered:
D:1:      erik_arrival_triangle_small, layout_loops_cross
D:2:      layout_basic, serial_shops, shop, minmay_statues_item
D:3:      layout_basic, jmf_multi_god_temple2, gup_sewer_entry_pipe,
          hellmonk_ecumenical_altar_heavens_door
D:4:      layout_basic
D:5:      layout_loops_ring, mainiacjoe_overflow_paths,
          grunt_decor_mini_mirrors, grunt_decor_clamped
D:6:      layout_gridville, serial_shops, nicolae_shop_overgrown_old_shop,
          skrybe_limestone_x
D:7:      layout_cave_pods, minmay_temple_entry_drinking_statues,
          enter_bailey_2, nicolae_shop_gadgets
D:8:      layout_gridville, vehumet_altar_wand_db
D:9:      layout_loops_corners, marbit_many_paths, nicolae_rejected_hall
D:10:     layout_stronghold, serial_demonic, serial_demonic_b, serial_demonic_e,
          serial_demonic_d, serial_demonic_b, gammafunk_ghost_icy,
          minmay_diced_spiral
Temple:   minmay_crystal_spiral_temple

Skill      XL: |  1  2  3  4  5  6  7  8  9 10 11 12 |
---------------+-------------------------------------+-----
Spellcasting   | 3 4 5 6 7 8 9 10 | 10.1
Fighting       | 1 2 3 5 6 7 8 |  8.8
Earth Magic    | 4 5 6 8 9 10 | 10.5
Dodging        | 3 4 6 7 8 9 |  9.9
Conjurations   | 1 2 |  2.2
Ice Magic      | 3 5 |  5.7
Evocations     | 3 5 6 |  6.2
Stealth        | |  1.4
Transmutations | |  1.3

Action                   |  1- 3 |  4- 6 |  7- 9 | 10-12 || total
-------------------------+-------+-------+-------+-------++-------
Melee: Unarmed           |    14 |       |       |       ||    14
       Dagger            |    22 |    60 |   151 |   117 ||   350
       Punch             |       |       |     2 |     2 ||     4
Throw: Dart              |       |       |     1 |       ||     1
 Cast: Sandblast         |    18 |    42 |    30 |     3 ||    93
       Stone Arrow       |       |       |    55 |    98 ||   153
       Ozocubu's Armour  |       |       |       |     2 ||     2
       Lee's Rapid Decon |       |       |       |    13 ||    13
Invok: Recite            |       |       |       |     3 ||     3
Evoke: Wand              |       |       |       |    11 ||    11
  Use: Scroll            |     5 |     6 |     9 |     8 ||    28
       Potion            |       |       |     5 |     2 ||     7
 Stab: Sleeping          |       |     1 |       |       ||     1
Armor: Robe              |     9 |    19 |    39 |       ||    67
       Steam dragon scal |       |       |    47 |    46 ||    93
Dodge: Dodged            |    26 |    44 |   108 |   111 ||   289
Block: Other             |     1 |    19 |    41 |    31 ||    92
       Reflection        |       |     2 |     1 |       ||     3

Table legend: (Time is in decaauts)
 A = Elapsed time spent in this place.
 B = Non-inter-level travel time spent in this place.
 C = Inter-level travel time spent in this place.
 D = Time resting spent in this place.
 E = Time spent auto-exploring this place.
 F = Levels seen in this place.
 G = Mean time per level.
                   A        B        C        D        E       F      G
               +--------+--------+--------+--------+--------+-----+--------+
         Total |   7189 |   6739 |    450 |    721 |    934 |  13 |  553.0 |
       Dungeon |   6049 |   5673 |    376 |    439 |    934 |  10 |  604.9 |
        Temple |    189 |    115 |     74 |      0 |      0 |   1 |  189.0 |
         Sewer |    333 |    333 |      0 |      0 |      0 |   1 |  333.0 |
        Bailey |    616 |    616 |      0 |    281 |      0 |   1 |  616.0 |
               +--------+--------+--------+--------+--------+-----+--------+

Top non-repeatable levels by time:
     D:8: 906 daAuts
     D:5: 856 daAuts
     D:7: 662 daAuts
     D:6: 618 daAuts
  Bailey: 616 daAuts
    D:10: 588 daAuts
     D:1: 572 daAuts
     D:3: 535 daAuts
     D:2: 496 daAuts
     D:9: 461 daAuts
     D:4: 351 daAuts
   Sewer: 333 daAuts
  Temple: 189 daAuts
